 Dungeon Crawl Stone Soup version 0.24.0-13-gcf9b319 (webtiles) character file.

Game seed: 10292400244322036602, levelgen mode: deterministic

343 warborn304 the Stinger (level 6, -6/28 HPs)
             Began as a Spriggan Venom Mage on Dec 19, 2019.
             Killed by nerve-wracking pain
             ... invoked by Menkaure
              (8 damage)
             ... on level 5 of the Dungeon.
             The game lasted 00:14:35 (3640 turns).

warborn304 the Stinger (Spriggan Venom Mage)        Turns: 3640, Time: 00:14:36

Health: -6/28      AC:  2    Str:  4    XL:     6   Next: 31%
Magic:  22/22      EV: 19    Int: 19    God:
Gold:   147        SH:  0    Dex: 16    Spells: 7/13 levels left

rFire    . . .     SeeInvis +     - Unarmed
rCold    . . .     Gourm    .   (shield restricted)
rNeg     . . .     Faith    .   a - +0 robe
rPois    .         Spirit   .   (helmet restricted)
rElec    .         Reflect  .   (no cloak)
rCorr    .         Harm     .   (gloves unavailable)
MR       +....                  (boots unavailable)
Stlth    ++........             (no amulet)
HPRegen  0.09/turn              f - ring of magical power
MPRegen  0.18/turn              (no ring)

@: lethally poisoned (-6 -> -7), very quick
A: very small, unfitting armour, see invisible, herbivore, speed 3, slow
metabolism 2
a: no special abilities


You were on level 5 of the Dungeon.
You were very hungry.

You visited 1 branch of the dungeon, and saw 6 of its levels.

You collected 147 gold pieces.

Inventory:

Armour
 a - a +0 robe (worn)
Jewellery
 f - a ring of magical power (left hand)
 k - an uncursed amulet of rage
Scrolls
 b - 2 scrolls of identify
 d - a scroll of remove curse
Potions
 e - a potion of degeneration {unknown}
 g - a potion of resistance {unknown}
 h - 2 potions of flight {unknown}
 i - a potion of might {unknown}
 j - a potion of curing
 m - a potion of heal wounds {unknown}
Comestibles
 c - 8 rations


   Skills:
 + Level 3.8 Dodging
 + Level 3.2 Stealth
 + Level 1.2 Unarmed Combat
 + Level 4.4 Spellcasting
 + Level 2.2 Conjurations
 + Level 1.2 Air Magic
 + Level 4.6 Poison Magic


You had 7 spell levels left.
You knew the following spells:

 Your Spells              Type           Power        Failure   Level  Hunger
a - Sting                 Conj/Pois      ###.         3%          1    None
b - Poisonous Vapours     Pois/Air       ###...       6%          2    #......
c - Mephitic Cloud        Conj/Pois/Air  ##......     13%         3    ###....

Your spell library contained the following spells:

 Spells                   Type           Power        Failure   Level  Hunger
 Olgreb's Toxic Radiance  Pois           ###.....     19%         4    ####...
 Venom Bolt               Conj/Pois      ###.......   65%         5    ######.


Dungeon Overview and Level Annotations

Branches:
Dungeon (6/15)
 Temple: D:4-7

Altars:
Uskayaw

Annotations:
D:5 Menkaure


Innate Abilities, Weirdness & Mutations

You are very small and have problems with some larger weapons.
You are too small for most types of armour.
You have supernaturally acute eyesight. (SInv)
You are a herbivore.
You cover ground extremely quickly.
You need to consume almost no food.


Message History

You hit the jackal zombie.
The jackal zombie is moderately damaged.
The hound completely misses you. The worker ant misses you.
The jackal zombie misses you. The orc closely misses you.
The orc completely misses you. The orc closely misses you.
The worker ant barely misses you. The hound barely misses you.
You hit the jackal zombie but do no damage.
The jackal zombie is moderately damaged.
Your surroundings seem slightly different.
Menkaure mumbles some strange words.
Menkaure seems to speed up.
Found 13 gold pieces.
* * * LOW HITPOINT WARNING * * *
You feel sick.
Found 5 stones.
Found a stone staircase leading down.
* * * LOW HITPOINT WARNING * * *
You feel sick. Menkaure casts a spell at you. Pain shoots through your body!
You die...

# .# .#
###.###.#
###........
#.>@.......
#.#.#.###.#
#.#.#.# #.....#
###...# #(.M..#
#.#.h## ##.#o.#
#..#...#
#....5###..#...#


You could see Menkaure, a hound and an orc.

Vanquished Creatures
  An ogre (D:4)
  An orc priest (D:4)
  An iguana (D:3)
  Natasha (thrice) (D:3)
  Terence (D:2)
  5 adders
  An ooze (D:2)
  2 worms
  A leopard gecko (D:1)
  2 orcs (D:4)
  A ball python (D:1)
  3 bats
  7 giant cockroaches
  7 goblins
  2 hobgoblins
  6 kobolds
  3 quokkas
  3 frilled lizards
  5 rats
55 creatures vanquished.

Notes
Turn   | Place    | Note
-------+----------+-------------------------------------------
     0 | D:1      | warborn304 the Spriggan Venom Mage began the quest for the
                  | Orb.
     0 | D:1      | Reached XP level 1. HP: 9/9 MP: 5/5
   271 | D:1      | Reached XP level 2. HP: 13/13 MP: 4/6
   664 | D:2      | Learned a level 2 spell: Poisonous Vapours
   884 | D:2      | Found a hide-covered altar of Uskayaw.
   894 | D:2      | Reached XP level 3. HP: 16/16 MP: 8/8
  1055 | D:2      | Noticed Terence
  1080 | D:2      | Killed Terence
  1080 | D:2      | Reached skill level 1 in Conjurations
  1132 | D:2      | Reached XP level 4. HP: 21/21 MP: 10/10
  1278 | D:2      | You fall into a shaft and drop 1 floor!
  2185 | D:3      | Learned a level 3 spell: Mephitic Cloud
  2259 | D:3      | Noticed Natasha
  2272 | D:3      | Killed Natasha
  2272 | D:3      | Reached XP level 5. HP: 24/24 MP: 12/12
  2292 | D:3      | Noticed Natasha
  2301 | D:3      | Killed Natasha
  2542 | D:3      | Noticed Natasha
  2571 | D:3      | Killed Natasha
  2571 | D:3      | Reached skill level 1 in Air Magic
  3155 | D:4      | Noticed an ogre
  3192 | D:4      | Killed an ogre
  3192 | D:4      | Reached skill level 1 in Unarmed Combat
  3192 | D:4      | Reached XP level 6. HP: 28/28 MP: 11/13
  3451 | D:5      | Entered Level 5 of the Dungeon
  3627 | D:5      | Noticed Menkaure
  3640 | D:5      | Killed from afar by Menkaure

Levels and vault maps discovered:
D:1:      doesnt_arrival_eight_statues, layout_rooms
D:2:      layout_basic, eat_drink_and_be_merry_uskayaw,
          lemuel_zombie_altar_yredelemnul, minmay_tiny_reverse_x, uniq_terence
D:3:      layout_basic, first_ration, uniq_natasha
D:4:      layout_loops_ring, lemuel_coloured_pillars_altar
D:5:      layout_loops_ring, kennysheep_mini_moat, uniq_menkaure
D:6:      layout_loops_corners, grunt_temple_overflow_open,
          minmay_misc_feat_tiny, st_stairs_3, uniq_crazy_yiuf_cottage

Skill      XL: |  1  2  3  4  5 |
---------------+----------------+-----
Spellcasting   | 3 4 |  4.4
Conjurations   | 1 2 |  2.2
Poison Magic   | 4 |  4.6
Air Magic      | 1 |  1.2
Unarmed Combat | 1 |  1.2
Dodging        | |  3.8
Stealth        | |  3.2

Action                   |  1- 3 |  4- 6 || total
-------------------------+-------+-------++-------
Melee: Unarmed           |     5 |    49 ||    54
 Cast: Sting             |    43 |    84 ||   127
       Poisonous Vapours |       |    18 ||    18
       Mephitic Cloud    |       |     6 ||     6
  Use: Scroll            |       |     3 ||     3
Armor: Robe              |     2 |     6 ||     8
Dodge: Dodged            |     5 |    87 ||    92
